Map: Blackpink LE

Players

bly

  • Race: Zerg Zerg
  • Spawn Location: 7:00

Serral - Winner!

  • Race: Zerg Zerg
  • Spawn Location: 1:00

Event: WESG 2017 Haikou

VOD

Have the link to the VOD?

Description

Time

  • Played on: March 15, 2018, 10:06 p.m.
  • Length: 4:32

All games in this series

Show
View Real Time Build Order
Export as new Build Order

bly Zerg 

Build Orders: Pool Only 

Get SALT Encoding   

  12  0:17  Spawning Pool  
  11  0:22  Drone  
  11  0:26  Drone  
  13  0:31  Drone  
  14  0:42  Overlord  
  14  1:04  Zergling x4  
  14  1:05  Zergling x2  
  17  1:16  Zergling x2  
  18  1:26  Zergling x2  
  19  1:39  Zergling x2  
  20  1:50  Zergling x2  
  21  1:59  Spine Crawler  
  21  2:00  Spine Crawler  
  19  2:05  Spine Crawler  
  12  2:28  Zergling x4  
  14  2:38  Zergling x2  
  15  2:51  Zergling x2  
  13  3:20  Zergling x4  
  15  3:28  Zergling x2  
  16  3:45  Zergling x2  
  18  3:48  Zergling x2  
  18  4:02  Zergling x2  
Show
View Real Time Build Order
Export as new Build Order

Serral Zerg - Winner!

Build Orders: Hatch First 

Get SALT Encoding   

  12  0:00  Drone  
  13  0:13  Overlord  
  13  0:17  Drone  
  14  0:31  Drone x2  
  16  0:48  Hatchery  
  15  0:51  Drone  
  15  0:54  Drone  
  17  1:08  Spawning Pool  
  17  1:10  Extractor  
  15  1:13  Drone  
  15  1:16  Drone  
  17  1:20  Drone  
  18  1:30  Drone  
  19  1:55  Zergling x4  
  19  2:01  Zergling x2  
  24  2:02  Queen, Zergling x2  
  25  2:18  Zergling x2  
  24  2:25  Spine Crawler  
  24  2:27  Zergling x2  
  24  2:37  Spine Crawler  
  23  2:47  Spawning Pool  
  22  2:58  Drone  
  23  3:16  Overlord  
  23  3:28  Overlord  
  23  3:34  Queen  
  25  3:41  Drone  
  25  3:42  Drone x2  
  28  3:54  Drone  
  29  4:04  Extractor x2  
  29  4:07  Zergling x6  
Tags
 
Add a new tag
Caveats
  • Supply blocks, unpowered buildings, or Contaminate may cause inaccurate times.
  • Supply counts are checked every 10 seconds.